 Dungeon Crawl Stone Soup version 0.21.1-1-g345015fe64 (webtiles) character file.

6822 HessuHobo the Martial Artist (level 10, -2/81 HPs)
             Began as a Minotaur Monk on May 23, 2018.
             Was a Priest of Wu Jian.
             Killed from afar by an electric eel (7 damage)
             ... with a bolt of electricity
             ... on level 9 of the Dungeon.
             The game lasted 00:18:54 (10553 turns).

HessuHobo the Martial Artist (Minotaur Monk)       Turns: 10553, Time: 00:18:54

Health: -2/81      AC:  8    Str: 19    XL:     10   Next: 77%
Magic:  0/9        EV: 17    Int:  7    God:    Wu Jian [***...]
Gold:   433        SH:  0    Dex: 16    Spells: 9/9 levels left

rFire    . . .     SeeInvis +     - Unarmed
rCold    . . .     Gourm    .   (no shield)
rNeg     + . .     Faith    .   t - +3 leather armour of the Griffon {rN+ SInv}
rPois    .         Spirit   +   (helmet restricted)
rElec    .         Reflect  .   (no cloak)
rCorr    .         Harm     .   u - +0 pair of gloves {Str+3}
MR       +....                  d - +0 pair of boots
Stlth    +++++.....             o - amulet of guardian spirit
HPRegen  0.23/turn              h - ring of stealth
MPRegen  0.11/turn              y - ring of protection from magic

@: no status effects
A: retaliatory headbutt, horns 2
a: Wall Jump, Serpent's Lash, Renounce Religion


You were on level 9 of the Dungeon.
You worshipped Wu Jian.
Wu Jian was most pleased with you.
You were not hungry.

You visited 1 branch of the dungeon, and saw 9 of its levels.

You collected 433 gold pieces.

Inventory:

Hand Weapons
 A - the +6 trident of Yredelemnul's Approval {pierce, rN+ MR- Str+4, unknown}
   (You took it off a gnoll on level 8 of the Dungeon)

   It inflicts extra damage upon your enemies.
   It affects your strength (+4).
   It protects you from negative energy.
   It affects your resistance to hostile enchantments.
 F - the +4 whip "Quzawnache" {venom, rElec rPois, unknown}
   (You found it on level 9 of the Dungeon)

   It poisons the flesh of those it strikes.
   It insulates you from electricity.
   It protects you from poison.
Armour
 a - a +1 robe
 d - a +0 pair of boots (worn)
 e - a +2 ring mail of poison resistance
 p - a cursed -1 robe
 q - a +0 pair of gloves
 t - the +3 leather armour of the Griffon (worn) {rN+ SInv}
   (You found it on level 7 of the Dungeon)

   It protects you from negative energy.
   It lets you see invisible.
 u - a +0 pair of gloves of strength (worn)
 C - the +8 chain mail of Viriniw {-Cast rElec rPois Int-5, unknown}
   (You found it on level 9 of the Dungeon)

   It affects your intelligence (-5).
   It insulates you from electricity.
   It protects you from poison.
   It prevents spellcasting.
Jewellery
 g - an uncursed ring of positive energy {unknown}
 h - a ring of stealth (left hand)
 j - an uncursed ring of magical power
 k - an uncursed ring of protection from cold {unknown}
 m - an uncursed ring of protection from cold {unknown}
 o - an amulet of guardian spirit (around neck)
 r - an uncursed ring of positive energy {unknown}
 y - a ring of protection from magic (right hand)
 E - an uncursed ring of protection from cold {unknown}
Wands
 i - a wand of disintegration (15)
 n - a wand of flame (37)
 s - a wand of iceblast (11)
 v - a wand of polymorph (8)
 x - a wand of clouds (5)
Scrolls
 c - 5 scrolls of teleportation
 l - 2 scrolls of remove curse
 z - a scroll of enchant armour
Potions
 f - 2 potions of brilliance
 D - a potion of magic
 G - 2 potions of haste {unknown}
Books
 w - a book of Cantrips

   Spells                             Type                      Level
   a - Confusing Touch                Hexes                        1
   b - Animate Skeleton               Necromancy                   1
   c - Summon Small Mammal            Summoning                    1
   d - Apportation                    Translocation                1
 B - a book of Misfortune

   Spells                             Type                      Level
   a - Confusing Touch                Hexes                        1
   b - Confuse                        Hexes                        3
   c - Gell's Gravitas                Translocation                3
   d - Petrify                        Transmutation/Earth          4
   e - Metabolic Englaciation         Hexes/Ice                    5
   f - Yara's Violent Unravelling     Hexes/Transmutation          5
Comestibles
 b - 11 rations
 H - 3 chunks of flesh


   Skills:
 + Level 5.3 Fighting
 * Level 7.5 Dodging
 * Level 8.2 Stealth
 * Level 13.2 Unarmed Combat


You had 9 spell levels left.
You didn't know any spells.

Dungeon Overview and Level Annotations

Branches:
Dungeon (9/15)
 Temple: D:4-7         Lair: D:8-11         Orc: D:9-12

Altars:
Cheibriados
Elyvilon
Hepliaklqana
Kikubaaqudgha
Makhleb
Nemelex Xobeh
Okawaru
Qazlal
Ru
Sif Muna
Trog
Wu Jian
Yredelemnul
Zin

Shops:
D:7 (

Annotations:
D:4 Sigmund


Innate Abilities, Weirdness & Mutations

You reflexively headbutt those who attack you in melee.
You have a pair of horns on your head.


Message History

The bolt of electricity hits the plant.
The bolt of electricity hits you!
The electric eel shoots out a bolt of lightning at you!
The bolt of electricity hits the plant.
The bolt of electricity hits you!
* * * LOW HITPOINT WARNING * * *
The electric eel shoots out a bolt of lightning at you!
The bolt of electricity hits the plant.
The bolt of electricity hits you!
* * * LOW HITPOINT WARNING * * *
The electric eel shoots out a bolt of lightning at you!
The bolt of electricity hits the electric eel.
The electric eel completely resists.
The bolt of electricity hits you!
* * * LOW HITPOINT WARNING * * *
The electric eel shoots out a bolt of lightning at you!
The bolt of electricity hits you!
* * * LOW HITPOINT WARNING * * *
The electric eel shoots out a bolt of lightning at you!
The bolt of electricity hits the plant.
The bolt of electricity hits you!
* * * LOW HITPOINT WARNING * * *
The electric eel shoots out a bolt of lightning at you!
The bolt of electricity hits you!
You die...

......................
.....#....####.####.#
.....#....##...#
.#.......###.###
.........###.#
.#...........# ###
##.......########†##
......#'##≈$%P..#..#
#.
.#....#.#≈;;.≈..@#.# #
#..
.#....#.#≈;.P....#≈#
##.#..
.)....#≈#≈≈.≈≈...#≈##
...##'###
.#)...#≈##≈%?P..##≈≈#
#.......
))....##≈##########≈##
#.......
....#..##≈##≈≈.P. #..#
#.......
....#...#.#≈≈.P..
+#.#. #.......
....#.#.#.#;[.P..
#.#.###.......
..###.#.#.#;≈%...
#≈#........)..


You could see 3 electric eels.

Vanquished Creatures
  3 two-headed ogres (D:9)
  3 trolls
  A wraith (D:9)
  A steam dragon (D:9)
  2 hungry ghosts (D:8)
  Edmund (D:6)
  A black bear (D:7)
  An ice beast (D:7)
  2 sky beasts
  An orc warrior (D:8)
  2 phantoms
  A necrophage (D:8)
  2 ogres
  A hornet zombie (D:9)
  7 centaurs
  A big kobold (D:8)
  9 bullfrogs
  A scorpion (D:5)
  5 killer bees (D:8)
  5 wights (D:8)
  2 crimson imps (D:7)
  A bullfrog zombie (D:6)
  4 jellies
  2 orc priests
  4 hounds
  5 orc wizards
  2 iguanas
  A worker ant (D:7)
  A worker ant zombie (D:7)
  7 gnolls
  A howler monkey skeleton (D:9)
  12 adders
  3 shadow imps
  2 oozes
  2 adder zombies
  3 worms
  A dart slug (D:5)
  2 leopard geckos (D:1)
  16 orcs
  2 ball pythons
  12 bats
  8 giant cockroaches
  3 goblins
  13 hobgoblins
  4 jackals (D:1)
  13 kobolds
  3 quokkas
  7 frilled lizards
  7 rats
193 creatures vanquished.

Vanquished Creatures (others)
  A plant (D:9)
1 creature vanquished.

Grand Total: 194 creatures vanquished

Notes
Turn   | Place    | Note
-------+----------+-------------------------------------------
     0 | D:1      | HessuHobo the Minotaur Monk began the quest for the Orb.
     0 | D:1      | Reached XP level 1. HP: 19/19 MP: 0/0
   134 | D:1      | Reached XP level 2. HP: 27/27 MP: 1/1
  1016 | D:2      | Reached skill level 4 in Unarmed Combat
  1129 | D:2      | Reached XP level 3. HP: 29/33 MP: 2/2
  1167 | D:2      | You fall through a shaft!
  1434 | D:2      | Found a deep blue altar of Sif Muna.
  1488 | D:2      | Reached XP level 4. HP: 39/40 MP: 3/3
  2186 | D:3      | Found an iron altar of Okawaru.
  2647 | D:3      | Reached skill level 5 in Unarmed Combat
  2786 | D:3      | Reached XP level 5. HP: 46/46 MP: 4/4
  2879 | D:4      | Found a burning altar of Makhleb.
  3026 | D:4      | Noticed an ogre
  3038 | D:4      | Killed an ogre
  3038 | D:4      | Reached XP level 6. HP: 16/52 MP: 5/5
  3368 | D:4      | Found a sacrificial altar of Ru.
  3373 | D:4      | Found a snail-covered altar of Cheibriados.
  3414 | D:4      | Noticed Sigmund
  3430 | D:5      | Entered Level 5 of the Dungeon
  3457 | D:5      | Found a basalt altar of Yredelemnul.
  3483 | D:5      | Found a stormy altar of Qazlal.
  3483 | D:5      | Found a white marble altar of Elyvilon.
  3528 | D:5      | Reached skill level 6 in Unarmed Combat
  3867 | D:5      | Found an ancient bone altar of Kikubaaqudgha.
  3984 | D:5      | Found a sparkling altar of Nemelex Xobeh.
  4206 | D:5      | Reached XP level 7. HP: 59/59 MP: 6/6
  4251 | D:5      | Found a sparkling altar of Nemelex Xobeh.
  4292 | D:5      | Found a bloodstained altar of Trog.
  4292 | D:5      | Found a hazy altar of Hepliaklqana.
  4391 | D:6      | Found a glowing silver altar of Zin.
  4520 | D:6      | Noticed Edmund
  4547 | D:6      | Killed Edmund
  4547 | D:6      | Reached skill level 7 in Unarmed Combat
  4888 | D:6      | Reached skill level 5 in Dodging
  4928 | D:6      | Reached skill level 5 in Stealth
  5588 | D:7      | Got a distressingly furry leather armour
  5607 | D:7      | Reached XP level 8. HP: 59/66 MP: 7/7
  5803 | D:7      | Found Ustitsan's Antique Weapon Shop.
  5826 | D:7      | Reached skill level 8 in Unarmed Combat
  6537 | D:7      | Found an ornate altar of the Wu Jian Council.
  6570 | D:7      | Became a worshipper of the Wu Jian Council
  6570 | D:7      | Reached * piety under Wu Jian
  6570 | D:7      | Reached ** piety under Wu Jian
  6637 | D:7      | Reached skill level 9 in Unarmed Combat
  7356 | D:8      | Reached XP level 9. HP: 50/72 MP: 8/8
  7358 | D:8      | Got a brightly glowing trident {pierce}
  7501 | D:8      | Noticed a troll
  7815 | D:8      | Reached skill level 10 in Unarmed Combat
  7913 | D:8      | Killed a troll
  8090 | D:8      | Identified the +3 leather armour of the Griffon {rN+ SInv} (You found it on level 7 of the Dungeon)
  8246 | D:8      | Reached skill level 5 in Fighting
  8575 | D:9      | Reached skill level 11 in Unarmed Combat
  8944 | D:8      | Identified a scroll of acquirement
  9610 | D:9      | Got an ichor-stained chain mail
  9672 | D:9      | Noticed a two-headed ogre
  9681 | D:9      | Killed a two-headed ogre
  9681 | D:9      | Reached XP level 10. HP: 69/81 MP: 9/9
  9689 | D:9      | Reached skill level 12 in Unarmed Combat
  9826 | D:9      | Reached *** piety under Wu Jian
  9957 | D:9      | Got a brightly glowing whip
 10184 | D:9      | Noticed a two-headed ogre
 10194 | D:9      | Killed a two-headed ogre
 10419 | D:9      | Noticed a two-headed ogre
 10431 | D:9      | Killed a two-headed ogre
 10431 | D:9      | Reached skill level 13 in Unarmed Combat
 10553 | D:9      | Killed from afar by an electric eel

Skill      XL: |  1  2  3  4  5  6  7  8  9 10 |
---------------+-------------------------------+-----
Unarmed Combat | 4 5 6 7 9 11 13 | 13.2
Stealth        | 2 3 4 5 6 7 8 |  8.2
Fighting       | 4 5 |  5.3
Dodging        | 4 5 6 7 |  7.5

Action                   |  1- 3 |  4- 6 |  7- 9 | 10-12 || total
-------------------------+-------+-------+-------+-------++-------
Melee: Unarmed           |    85 |   118 |   312 |    72 ||   587
       Headbutt          |    12 |    22 |    63 |    14 ||   111
       Punch             |       |     2 |    13 |     3 ||    18
Invok: Lunge             |       |       |    11 |     6 ||    17
       Wall Jump         |       |       |     6 |     1 ||     7
       Whirlwind         |       |       |     8 |       ||     8
  Use: Scroll            |     4 |     6 |    13 |       ||    23
       Potion            |     1 |     2 |     3 |       ||     6
 Stab: Sleeping          |     3 |    15 |    21 |     9 ||    48
       Distracted        |     1 |       |       |       ||     1
  Eat: Chunk             |     1 |     5 |     5 |     4 ||    15
       Ration            |       |     1 |     5 |       ||     6
Armor: Robe              |    20 |    14 |    26 |       ||    60
       Leather armour    |       |       |    20 |     9 ||    29
Dodge: Dodged            |    50 |    75 |   213 |    54 ||   392
